 Dungeon Crawl Stone Soup version 0.25-a0-290-g4a1327ee3a (webtiles) character file.

Game seed: 17652715038175431291, levelgen mode: classic

1232 Borgoz the Skirmisher (level 8, -2/76 HPs)
             Began as a Gargoyle Fighter on Dec 15, 2019.
             Slain by paws's ghost (13 damage)
             ... on level 5 of the Dungeon.
             The game lasted 00:07:53 (5458 turns).

Borgoz the Skirmisher (Gargoyle Fighter)            Turns: 5458, Time: 00:07:54

Health: -2/76      AC: 19    Str: 25    XL:     8   Next: 48%
Magic:  9/9        EV: 10    Int:  9    God:
Gold:   298        SH: 10    Dex: 11    Spells: 7/7 levels left

rFire    + . .     SeeInvis .   p - +2 mace (protect)
rCold    . . .     Gourm    .   c - +0 shield
rNeg     + . .     Faith    .   n - +2 leather armour {rF+}
rPois    ∞         Spirit   .   (no helmet)
rElec    +         Reflect  .   (no cloak)
rCorr    .         Harm     .   (no gloves)
MR       .....                  s - +0 pair of boots
Stlth    ..........             (no amulet)
HPRegen  0.22/turn              (no ring)
MPRegen  0.11/turn              (no ring)

@: berserking (expiring), protection aura, very slightly contaminated,
invisible, very quick
A: negative energy resistance 1, electricity resistance, unbreathing,
petrification resistance, rot immunity, AC +5
a: no special abilities


You were on level 5 of the Dungeon.
You were not hungry.

You visited 1 branch of the dungeon, and saw 5 of its levels.
You also visited: Ossuary.

You collected 298 gold pieces.

Inventory:

Hand Weapons
 p - a +2 mace of protection (weapon)
 q - a +1 flail of holy wrath
Armour
 c - a +0 shield (worn)
 n - a +2 leather armour of fire resistance (worn)
 s - a +0 pair of boots (worn)
Wands
 k - a wand of flame (17)
Scrolls
 j - a scroll of blinking {unknown}
 o - 3 scrolls of remove curse
 r - a scroll of enchant armour
 t - a scroll of magic mapping {unknown}
Potions
 a - a potion of haste {unknown}
 b - 3 potions of flight
 d - a potion of brilliance
 e - 4 potions of curing
 g - 2 potions of cancellation {unknown}
 h - 4 potions of heal wounds {unknown}
 i - 2 potions of invisibility
 m - 2 potions of berserk rage
Comestibles
 f - 10 rations
 l - 2 chunks of flesh


   Skills:
 * Level 6.1 Fighting
 * Level 4.9 Maces & Flails
 * Level 6.1 Armour
 + Level 2.3 Dodging
 + Level 4.9 Shields
 + Level 2.4 Evocations


You had 7 spell levels left.
You didn't know any spells.
Your spell library was empty.

Dungeon Overview and Level Annotations

Branches:
Dungeon (5/15)            Ossuary (visited)
 Temple: D:4-7

Altars:
Dithmenos
Elyvilon
Hepliaklqana
Makhleb
Beogh

Annotations:
D:5 paws's ghost, novice FeTm


Innate Abilities, Weirdness & Mutations

You are resistant to torment.
Your stone body is resilient. (AC +5)
You are immune to poison.
You resist negative energy. (rN+)
You are resistant to electric shocks. (rElec)
You can survive without breathing.
You are immune to petrification.
You are immune to rotting.


Message History

Your weapon exudes an aura of protection.
Paws's ghost is heavily damaged.
Paws's ghost hits you but does no damage.
You closely miss paws's ghost.
Paws's ghost is heavily damaged.
You miss paws's ghost.
Paws's ghost is heavily damaged.
Paws's ghost hits you but does no damage.
You barely miss paws's ghost.
Paws's ghost is heavily damaged.
You block paws's ghost's attack.
You miss paws's ghost.
Paws's ghost is heavily damaged.
Paws's ghost hits you!
* * * LOW HITPOINT WARNING * * *
You sock paws's ghost!
Your weapon exudes an aura of protection.
Paws's ghost is severely damaged.
Paws's ghost hits you!
You die...

#.###..o..###.#.#.###
#....#####....#.#(# #
#.............#.#.# #
#######o''######...###
#8...oo).....(.8...##.
#####o##.###.###.#....
#ooo.# #.# #.####.
#W#### #.###...... #@#
#.......... #.##
########### #..# #...
##.# #.## #.# #.# #.#
#.# #.####### #.#
#.......######.#
#######........#


You could see paws's ghost and 5 orcs.

Vanquished Creatures
  Edmund (D:5)
  An ogre (D:4)
  A centaur (D:5)
  Blork the orc (D:4)
  A water moccasin zombie (D:4)
  2 howler monkeys (D:5)
  2 bullfrog zombies (D:4)
  2 hounds
  A centaur zombie (D:5)
  3 orc priests
  A centaur skeleton (D:4)
  Natasha (thrice) (D:2)
  2 orc wizards (D:4)
  2 worker ants (D:5)
  2 big kobold zombies (Ossuary)
  A hound zombie (D:4)
  2 mummies (Ossuary)
  A worker ant zombie (D:4)
  6 adders
  An ooze (D:3)
  7 adder zombies
  3 worms
  2 adder skeletons (D:4)
  5 dart slugs
  3 leopard geckos
  10 orcs
  3 ball pythons
  6 giant cockroaches
  10 goblins
  8 hobgoblins
  7 jackals (D:2)
  5 kobolds
  2 quokkas
  A ball python zombie (D:4)
  6 bats
  2 frilled lizards
  A giant cockroach zombie (D:4)
  5 gnoll zombies (Ossuary)
  A hobgoblin zombie (Ossuary)
  2 jackal skeletons (D:4)
  A jackal zombie (D:4)
  4 kobold zombies (Ossuary)
  A leopard gecko skeleton (D:4)
  9 orc zombies (Ossuary)
  A quokka skeleton (D:4)
  A quokka zombie (D:4)
  7 rats
149 creatures vanquished.

Notes
Turn   | Place    | Note
-------+----------+-------------------------------------------
     0 | D:1      | Borgoz the Gargoyle Fighter began the quest for the Orb.
     0 | D:1      | Reached XP level 1. HP: 14/14 MP: 1/1
    38 | D:1      | Reached XP level 2. HP: 17/19 MP: 2/2
   367 | D:1      | Reached XP level 3. HP: 21/24 MP: 3/3
  1075 | D:2      | Found a white marble altar of Elyvilon.
  1272 | D:2      | Reached XP level 4. HP: 24/29 MP: 4/4
  1333 | D:2      | Found a hazy altar of Hepliaklqana.
  1373 | D:2      | Found a burning altar of Makhleb.
  1880 | D:2      | Noticed Natasha
  1893 | D:2      | Killed Natasha
  1893 | D:2      | Reached XP level 5. HP: 27/33 MP: 5/5
  1959 | D:2      | Noticed Natasha
  1970 | D:2      | Killed Natasha
  1970 | D:2      | Reached skill level 1 in Dodging
  2345 | D:2      | Noticed Natasha
  2359 | D:2      | Killed Natasha
  2470 | D:3      | Reached skill level 1 in Evocations
  2470 | D:3      | Reached XP level 6. HP: 28/39 MP: 6/6
  2860 | D:3      | Found a shadowy altar of Dithmenos.
  3747 | D:4      | Reached XP level 7. HP: 44/44 MP: 8/8
  3750 | D:4      | Reached skill level 5 in Armour
  3766 | D:4      | Reached skill level 5 in Fighting
  4005 | D:4      | Noticed Blork the orc
  4014 | D:4      | Killed Blork the orc
  4465 | D:5      | Entered Level 5 of the Dungeon
  4528 | D:5      | Found a runed translucent gate.
  4528 | D:5      | Noticed paws's ghost (novice FeTm)
  4539 | D:5      | Found a runed translucent gate.
  4539 | D:5      | Found a runed translucent gate.
  4542 | D:5      | Found a roughly hewn altar of Beogh.
  4563 | D:5      | Reached XP level 8. HP: 46/50 MP: 9/9
  4666 | D:5      | Found a sand-covered staircase.
  4671 | Ossuary  | Entered an ossuary
  5053 | D:5      | Noticed Edmund
  5078 | D:5      | Killed Edmund
  5458 | D:5      | Slain by paws's ghost

Levels and vault maps discovered:
D:1:      saegor_arrival_fortress, layout_basic
D:2:      layout_basic, elyvilon_altar_5, old_standard_altar, first_ration,
          makhleb_blood_cavern_becter, uniq_natasha
D:3:      layout_loops_ring, grunt_dithmenos_smoke_and_mirrors, minmay_between
D:4:      layout_basic, serial_undead, serial_undead_f, serial_undead_c,
          serial_undead_c, serial_undead_a, serial_undead_d, serial_undead_a,
          uniq_blork_the_orc
D:5:      layout_loops_ring, biasface_ghost_orc_armoury, enter_ossuary_2,
          uniq_edmund

Skill      XL: |  1  2  3  4  5  6  7  8 |
---------------+-------------------------+-----
Fighting       | 4 5 6 |  6.1
Armour         | 4 5 6 |  6.1
Maces & Flails | 3 4 |  4.9
Dodging        | 1 2 |  2.3
Shields        | 4 |  4.9
Evocations     | 1 2 |  2.4

Action                   |  1- 3 |  4- 6 |  7- 9 || total
-------------------------+-------+-------+-------++-------
Melee: Flail             |   141 |   309 |     3 ||   453
       Mace              |       |       |   267 ||   267
  Use: Potion            |       |     3 |     3 ||     6
       Scroll            |       |     6 |     6 ||    12
  Eat: Chunk             |     1 |     9 |     6 ||    16
Armor: Scale mail        |    52 |       |       ||    52
       Chain mail        |    58 |   161 |       ||   219
       Leather armour    |       |    75 |   130 ||   205
Dodge: Dodged            |    46 |   103 |   101 ||   250
Block: Shield            |    98 |   192 |   135 ||   425

Table legend:
 A = Non-vault XP
 B = Vault XP
 C = Vault XP percentage of total XP
 D = Non-vault monster count
 E = Vault monster count
 F = Vault count percentage of total count
                 A         B        C        D         E       F
            +---------+---------+-------+---------+---------+-------
      Total |    1005 |     756 |  42.9 |      98 |      51 |  34.2
            +---------+---------+-------+---------+---------+-------
        D:1 |      33 |      12 |  26.7 |      19 |       2 |   9.5
        D:2 |     145 |      79 |  35.3 |      26 |       2 |   7.1
        D:3 |     168 |      15 |   8.2 |      28 |       4 |  12.5
        D:4 |     322 |     306 |  48.7 |      16 |      13 |  44.8
        D:5 |     337 |     212 |  38.6 |       9 |       2 |  18.2
    Ossuary |       0 |     132 | 100.0 |       0 |      28 | 100.0
            +---------+---------+-------+---------+---------+-------
